 Dungeon Crawl Stone Soup version 0.29-a0-817-g9904bce7a6 (webtiles) character file.

Game seed: 17477407271588650289

121 wingedge the Trooper (level 5, -1/42 HPs)
             Began as a Human Fighter on July 5, 2022.
             Was an Initiate of Ashenzari.
             Slain by a goblin
             ... wielding a +0 club
             ... led by Robin
              (4 damage)
             ... on level 2 of the Dungeon.
             The game lasted 00:13:10 (2476 turns).

wingedge the Trooper (Human Fighter)                Turns: 2476, Time: 00:13:10

Health: -1/42      AC:  6    Str: 16    XL:     5   Next: 26%
Magic:  6/6        EV:  9    Int:  9    God:    Ashenzari [......]
Gold:   68         SH:  5    Dex: 14    Spells: 6/6 levels left

rFire   . . .      SeeInvis .   a - +0 long sword
rCold   . . .      Faith    .   c - +0 buckler of Ashenzari's Suspicion {Bglg, Self} (curse)
rNeg    . . .      Spirit   .   p - +0 scale mail
rPois   .          Reflect  .   (no helmet)
rElec   .          Harm     .   (no cloak)
rCorr   .          Rampage  .   (no gloves)
Will    .....                   (no boots)
Stlth   ..........              q - amulet of magic regeneration
HPRegen 0.14/turn               (no ring)
MPRegen 0.50/turn               (no ring)

@: no status effects
A: no striking features
a: Renounce Religion, Shatter the Chains


You were on level 2 of the Dungeon.
You worshipped Ashenzari.
Ashenzari was noncommittal.
You visited 1 branch of the dungeon, and saw 2 of its levels.

You collected 68 gold pieces.

Inventory:

Hand Weapons
 a - a +0 long sword (weapon)
 b - a +0 sling
Missiles
 e - a boomerang (quivered)
Armour
 c - the cursed +0 buckler of Ashenzari's Suspicion (worn) {Bglg, Self}

   It has a curse which improves the following skills: Beguiling: Conjurations,
   Hexes and Translocations.
   Introspection: Fighting and Spellcasting.
 j - a +0 ring mail
 p - a +0 scale mail (worn)
Magical Staves
 t - a staff of earth
Jewellery
 q - an amulet of magic regeneration (around neck)
Scrolls
 l - a scroll of identify {unknown}
 s - a scroll of magic mapping {unknown}
 u - a scroll of amnesia {unknown}
 v - a scroll of immolation {unknown}
 w - a scroll of fog {unknown}
Potions
 f - a potion of cancellation {unknown}
 g - 2 potions of lignification {unknown}
 h - a potion of attraction {unknown}
 i - a potion of flight {unknown}
 k - 2 potions of degeneration {unknown}
 m - 2 potions of curing {unknown}
 n - a potion of berserk rage {unknown}
 o - a potion of resistance {unknown}
 r - a potion of brilliance {unknown}


   Skills:
 + Level 3.5(4.0) Fighting
 * Level 2.5 Long Blades
 + Level 0.5 Ranged Weapons
 - Level 1.0 Throwing
 + Level 3.5 Armour
 + Level 0.9 Dodging
 + Level 3.4 Shields
 + Level 0.7(1.0) Spellcasting
 + Level 0.1 Hexes
 - Level 1.0 Evocations


You had 6 spell levels left.
You didn't know any spells.
Your spell library contained the following spells:

 Spells                   Type           Power      Damage    Failure   Level
 Slow                     Hex            0%         N/A       85%         1
 Confusing Touch          Hex            0%         N/A       99%         3
 Vampiric Draining        Necr           0%         2d6       99%         3


Dungeon Overview and Level Annotations

Branches:
Dungeon (2/15)

Altars:
Ashenzari


Message History

The hobgoblin hits you.
* * * LOW HITPOINT WARNING * * *
The goblin barely misses you. The goblin closely misses you.
The hobgoblin hits you but does no damage.
You hit the hobgoblin but do no damage.
The hobgoblin no longer looks unusually strong.
The goblin hits you but does no damage.
The hobgoblin hits you but does no damage.
The goblin barely misses you.
You barely miss the hobgoblin.
The goblin no longer looks unusually strong.
The goblin hits you but does no damage. The hobgoblin hits you.
* * * LOW HITPOINT WARNING * * *
The goblin hits you but does no damage.
You barely miss the hobgoblin. The goblin barely misses you.
The hobgoblin hits you.
* * * LOW HITPOINT WARNING * * *
You hit the goblin.
You kill the goblin!
The hobgoblin hits you but does no damage.
You block the goblin's attack. The goblin barely misses you.
The hobgoblin closely misses you. The goblin hits you but does no damage.
You closely miss the hobgoblin. You block the goblin's attack.
The hobgoblin closely misses you. The goblin hits you but does no damage.
You hit the hobgoblin.
The hobgoblin is moderately wounded.
You block the goblin's attack.
The hobgoblin hits you but does no damage.
The goblin hits you but does no damage.
You barely miss the hobgoblin.
The hobgoblin is moderately wounded.
The goblin hits you with a +0 club.
* * * LOW HITPOINT WARNING * * *
The hobgoblin hits you.
* * * LOW HITPOINT WARNING * * *
The goblin hits you but does no damage.
You barely miss the goblin. You block the goblin's attack.
The hobgoblin barely misses you. The goblin hits you but does no damage.
The goblin hits you with a +0 club.
You die...

#.##### #..[... #########
#........ ###### #.####...
#....#### #.####... +....'..
#.##..... #############.)g.#
#.##..... #......[......@g.#
#.##.....
#.#############g......#.##.....
#.# #########.##..... #.#
#.........##....# #.#
#.##########....# #.# #.#
#....# #.# #.# ###### #.# #.#
#.# ### #.#


You could see a hobgoblin and 2 goblins.

Vanquished Creatures
  Jessica (D:2)
  Robin (D:2)
  2 adders (D:2)
  A worm (D:2)
  3 dart slugs
  A bat (D:2)
  7 endoplasms
  A giant cockroach (D:2)
  10 goblins
  6 hobgoblins
  2 kobolds
  4 quokkas
  5 ball pythons
  5 frilled lizards
  4 rats
53 creatures vanquished.

Vanquished Creatures (others)
  5 plants (D:1)
5 creatures vanquished.

Grand Total: 58 creatures vanquished

Notes
Turn   | Place    | Note
-------+----------+-------------------------------------------
     0 | D:1      | wingedge the Human Fighter began the quest for the Orb.
     0 | D:1      | Reached XP level 1. HP: 18/18 MP: 1/1
   325 | D:1      | Reached XP level 2. HP: 22/24 MP: 2/2
   761 | D:1      | Reached XP level 3. HP: 29/29 MP: 3/3
  1521 | D:2      | Noticed Jessica
  1632 | D:2      | Reached skill level 1 in Throwing
  1787 | D:2      | Reached XP level 4. HP: 35/35 MP: 4/4
  2173 | D:2      | Killed Jessica
  2174 | D:2      | Reached XP level 5. HP: 41/41 MP: 5/5
  2281 | D:2      | Found a faded altar of an unknown god.
  2284 | D:2      | Prayed at the altar of an unknown god.
  2284 | D:2      | Became a worshipper of Ashenzari the Shackled
  2454 | D:2      | Noticed Robin
  2460 | D:2      | Reached skill level 1 in Evocations
  2463 | D:2      | Killed Robin
  2476 | D:2      | Slain by a goblin

Illustrated notes

Levels and vault maps discovered:
D:1:      dpeg_arrival_arbitrary_a, layout_loops_ring, chequers_big_river,
          minivault_19, moated_statue, serial_bayou_pond_d
D:2:      layout_basic, shapermc_ecumenical_altar_mp_vishouse,
          kennysheep_generic_room_6, uniq_jessica, uniq_robin

Skill      XL: |  1  2  3  4  5 |
---------------+----------------+-----
Throwing       | 1 |  1.0
Evocations     | 1 |  1.0
Fighting       | |  3.5
Long Blades    | |  2.5
Ranged Weapons | |  0.5
Armour         | |  3.5
Dodging        | |  0.9
Shields        | |  3.4
Spellcasting   | |  0.7
Hexes          | |  0.1

Action                   |  1- 3 |  4- 6 || total
-------------------------+-------+-------++-------
Melee: Long sword        |    81 |    53 ||   134
 Fire: Sling             |       |     3 ||     3
Throw: Boomerang         |    27 |    12 ||    39
Invok: Curse Item        |       |     1 ||     1
  Use: Potion            |       |     1 ||     1
Armor: Scale mail        |    43 |    37 ||    80
Dodge: Dodged            |    30 |    28 ||    58
Block: Buckler           |    18 |    21 ||    39

Table legend: (Time is in decaauts)
 A = Elapsed time spent in this place.
 B = Non-inter-level travel time spent in this place.
 C = Inter-level travel time spent in this place.
 D = Time resting spent in this place.
 E = Time spent auto-exploring this place.
 F = Levels seen in this place.
 G = Mean time per level.
                   A        B        C        D        E       F      G
               +--------+--------+--------+--------+--------+-----+--------+
         Total |   2548 |   2465 |     83 |    351 |   1438 |   2 | 1274.0 |
       Dungeon |   2548 |   2465 |     83 |    351 |   1438 |   2 | 1274.0 |
               +--------+--------+--------+--------+--------+-----+--------+

Top non-repeatable levels by time:
     D:1: 1470 daAuts
     D:2: 1078 daAuts
